 Dungeon Crawl Stone Soup version 0.14.2 (webtiles) character file.

198 Amnesiac the Charlatan (level 3, 0/18 HPs)
             Began as a Spriggan Artificer on Feb 11, 2018.
             Killed from afar by an orc wizard (8 damage)
             ... with a puff of flame
             ... on Level 4 of the Dungeon.
             The game lasted 00:05:03 (2741 turns).

Amnesiac the Charlatan (Spriggan Artificer)         Turns: 2741, Time: 00:05:03

HP   0/18        AC  2     Str  8      XL: 3   Next: 87%
MP   8/8         EV 18     Int 13      God:
Gold 135         SH  0     Dex 16      Spells:  0 memorised,  2 levels left

rFire  . . .     SeeInvis +     y - +0 cutlass
rCold  . . .     Clarity  .     e - +0 robe
rNeg   . . .     Conserve .     (shield restricted)
rPois  .         rCorr    .     (helmet restricted)
rElec  .         rRot     .     (no cloak)
SustAb . .       Spirit   .     (gloves unavailable)
rMut   .         Warding  .     (boots unavailable)
Saprov . . .     Stasis   .     o - amulet of faith {unknown}
MR     .....                    (no ring)
                                D - ring of flight

@: very quick, not resistant to hostile enchantments, fairly stealthy
A: unfitting armour, see invisible, herbivore 3, speed 3, slow metabolism 2
a: Evoke Flight


You were on level 4 of the Dungeon.
You were not hungry.

You visited 1 branch of the dungeon, and saw 4 of its levels.

You collected 135 gold pieces.

Inventory:

Hand weapons
 y - a +0,+0 cutlass (weapon)
Missiles
 p - 23 sling bullets
 q - 107 stones (quivered)
 C - 3 needles of slowing
Armour
 e - a +0 robe (worn)
Magical devices
 b - a wand of flame (15)
 c - a wand of enslavement (15)
 d - a wand of random effects (14)
Comestibles
 l - 2 pears
 r - a meat ration
 s - 3 bread rations
 x - 4 grapes
 z - 10 sultanas
Scrolls
 a - a scroll of enchant armour {!r, unknown}
 g - a scroll of noise {!r, unknown}
 h - 4 scrolls of remove curse {!r, unknown}
 i - 3 scrolls of identify {!r, unknown}
 j - 2 scrolls of enchant weapon I {!r, unknown}
 v - a scroll of random uselessness {!r, unknown}
 w - a scroll of blinking {!r, unknown}
Jewellery
 o - an amulet of faith (around neck) {unknown}
 D - a ring of flight (left hand)
Potions
 f - a potion of porridge {!q}
 k - 2 potions of cure mutation {!q, unknown}
 m - 2 potions of might {!q, unknown}
 n - a potion of restore abilities {!q, unknown}
 t - 2 potions of curing {!q, unknown}
 u - a potion of heal wounds {!q, unknown}
 A - a potion of resistance {!q, unknown}
 B - a potion of brilliance {!q, unknown}


   Skills:
 + Level 2.0 Fighting
 - Level 2.0 Short Blades
 - Level 2.0 Throwing
 - Level 3.0 Dodging
 - Level 2.0 Stealth
 - Level 4.0 Evocations


You had 2 spell levels left.
You didn't know any spells.

Dungeon Overview and Level Annotations

Branches:
Dungeon (4/15)
 Temple: D:4-7

Altars:
Cheibriados
Dithmenos


Innate Abilities, Weirdness & Mutations

You are tiny and cannot use many weapons and most armour.
You have supernaturally acute eyesight.
You are a herbivore.
You cover ground extremely quickly.
You need consume almost no food.


Message History

You climb downwards.
There is a stone staircase leading up here.
An orc wizard comes into view. It is wielding a dagger.
There is a stone staircase leading up here.
The orc wizard shouts!
You climb upwards.
A worm comes into view.
There is a stone staircase leading down here.
You hit the worm.
The worm is lightly wounded.
The worm bites you.
You hit the worm.
The worm is moderately wounded.
You hit the worm.
The worm is moderately wounded.
There is a stone staircase leading down here.
You hit the worm.
The worm is moderately wounded.
Unknown command.
Unknown command.
You hit the worm.
The worm is heavily wounded.
The worm closely misses you.
You barely miss the worm.
The worm is heavily wounded.
You hit the worm.
The worm is heavily wounded.
You swing at nothing.
You hit the worm.
The worm is severely wounded.
The worm closely misses you.
You swing at nothing.
You hit the worm.
The worm is severely wounded.
You hit the worm.
The worm is almost dead.
You barely miss the worm.
The worm is almost dead.
The worm closely misses you.
You hit the worm.
The worm is almost dead.
The worm bites you.
You hit the worm.
You kill the worm!
Your Fighting skill increases to level 2!
You see here a worm corpse.
There is a stone staircase leading down here.
You start resting.
HP restored.
You climb downwards.
There is a stone staircase leading up here.
Evoke which item? (* to show all) (? for menu, Esc to quit)
Zapping:
d - a wand of random effects (15)
Press: ? - help, Shift-Dir - straight line, f - orc wizard
Aim: an orc wizard, wielding a dagger and wearing a robe The orc wizard struggles to resist.
This wand has 14 charges left.
The orc wizard gestures at you while chanting.
The magic dart hits you!
Ouch! That really hurt!
* * * LOW HITPOINT WARNING * * *
An orc comes into view.
The orc wizard gestures at you while chanting.
The puff of flame hits you!
You die...

..... .........
.......... .
.......... ...
..o.o.....###....
...........#.....
.................
#........%.....
##..<.@........
#....<.........
.................
..........#......
.........###.....
......... ....
....).). ..
........ .
.......


You could see an orc wizard and an orc (wandering).

Vanquished Creatures
  2 adders
  A worm (D:3)
  2 giant geckos
  An orc (D:3)
  7 bats
  3 giant cockroaches
  6 goblins
  3 hobgoblins
  A ball python (D:3)
  5 kobolds
  A quokka (D:3)
  5 rats
37 creatures vanquished.

Notes
Turn   | Place    | Note
--------------------------------------------------------------
     0 | D:1      | Amnesiac, the Spriggan Artificer, began the quest for the Orb.
     0 | D:1      | Reached XP level 1. HP: 9/9 MP: 2/2
   104 | D:1      | Reached skill level 1 in Fighting
   646 | D:2      | Found a shadowy altar of Dithmenos.
   782 | D:1      | Reached XP level 2. HP: 11/14 MP: 5/5
  1004 | D:1      | Found a snail-covered altar of Cheibriados.
  1225 | D:1      | Reached skill level 1 in Throwing
  1470 | D:2      | Reached XP level 3. HP: 16/18 MP: 8/8
  2741 | D:4      | Killed from afar by an orc wizard

Action                   || total
-------------------------++-------
Melee: Short sword       ||    96
       Cutlass           ||    45
Evoke: Wand              ||     1
 Stab: Sleeping          ||     4
